 Dungeon Crawl Stone Soup version 0.29.1-1-gd02db6906a (webtiles) character file.

Game seed: 8309110144423967427

10113 Condegh the Geomancer (level 11, -5/64 HPs)
             Began as a Gargoyle Earth Elementalist on Oct 20, 2022.
             Was a Follower of Vehumet.
             Slain by a cane toad (shapeshifter) (14 damage)
             ... on level 9 of the Dungeon.
             The game lasted 01:10:57 (10926 turns).

Condegh the Geomancer (GrEE)                       Turns: 10926, Time: 01:10:58

Health: -5/64      AC: 23    Str: 12    XL:     11   Next: 57%
Magic:  19/22      EV: 12    Int: 30    God:    Vehumet [*.....]
Gold:   630        SH:  5    Dex: 10    Spells: 17/24 levels left

rFire   . . .      SeeInvis .   n - +0 flail
rCold   . . .      Faith    .   j - +0 buckler
rNeg    + . .      Spirit   .   F - +1 leather armour {Will+}
rPois   ∞          Reflect  .   r - +1 helmet
rElec   +          Harm     .   E - +0 cloak
rCorr   .          Rampage  .   (no gloves)
Will    +....                   K - +2 pair of boots "Pykenyi" {*Corrode Fly Int+4 Stlth+}
Stlth   +++.......              B - amulet of the acrobat
HPRegen 0.20/turn               I - +4 ring of protection
MPRegen 0.18/turn               m - +6 ring of intelligence

@: flying
A: sickness immunity, AC +8, negative energy resistance 1, electricity
resistance, torment resistance 1, petrification resistance
a: Renounce Religion


You were on level 9 of the Dungeon.
You worshipped Vehumet.
Vehumet was aware of your devotion.
You visited 2 branches of the dungeon, and saw 10 of its levels.
You also visited: Ossuary and Bailey.

You collected 654 gold pieces.
You spent 24 gold pieces at shops.

Inventory:

Hand Weapons
 n - a +0 flail (weapon)
 C - the +9 great mace of Yesterday {elec, rN+ MP+9}
   (You took it off an ogre on level 5 of the Dungeon)

   It occasionally discharges a powerful burst of electricity upon striking a
   foe.
   rN:        It protects you from negative energy.
   MP:        It affects your magic capacity (+9).
Armour
 e - a +0 kite shield
 j - a +0 buckler (worn)
 r - a +1 helmet (worn)
 E - a +0 cloak (worn)
 F - a +1 leather armour of willpower (worn)
 G - the +2 kite shield of Least Resistance {rPois rC- SInv}
   (You took it off an orc in a bailey)

   rC:        It makes you vulnerable to cold.
   rPois:     It protects you from poison.
   SInv:      It lets you see invisible.
 K - the +2 pair of boots "Pykenyi" (worn) {*Corrode Fly Int+4 Stlth+}
   (You found it on level 9 of the Dungeon)

   Int:       It affects your intelligence (+4).
   Fly:       It grants you flight.
   *Corrode:  It may corrode you when you take damage.
   Stlth:     It makes you more stealthy.
Jewellery
 f - a ring of willpower
 g - a +6 ring of dexterity
 m - a +6 ring of intelligence (right hand)
 B - an amulet of the acrobat (around neck)
 I - a +4 ring of protection (left hand)
Wands
 o - a wand of quicksilver (2)
 H - a wand of charming (12)
 J - a wand of flame (15)
Scrolls
 c - a scroll of vulnerability {unknown}
 k - a scroll of butterflies {unknown}
 q - a scroll of brand weapon
 t - 4 scrolls of teleportation
 u - 2 scrolls of enchant armour {unknown}
 y - a scroll of amnesia {unknown}
 A - a scroll of enchant weapon
 D - 4 scrolls of silence {unknown}
Potions
 d - 2 potions of brilliance
 h - 2 potions of cancellation {unknown}
 i - 4 potions of heal wounds {unknown}
 l - 9 potions of curing {unknown}
 p - 2 potions of mutation {unknown}
 v - a potion of resistance
 w - 2 potions of haste
 x - a potion of ambrosia
 z - 2 potions of attraction
Miscellaneous
 a - a lightning rod (4/4)


   Skills:
 + Level 5.8 Fighting
 - Level 5.0 Maces & Flails
 - Level 5.0 Armour
 + Level 4.7 Dodging
 - Level 2.1 Stealth
 - Level 5.0 Shields
 + Level 7.4 Spellcasting
 + Level 8.3 Conjurations
 - Level 0.7 Transmutations
 + Level 6.3 Fire Magic
 + Level 8.6 Earth Magic
 + Level 4.5 Evocations


You had 17 spell levels left.
You knew the following spells:

 Your Spells              Type           Power      Damage    Failure   Level
a - Sandblast             Erth           100%       2d20      1%          1
b - Stone Arrow           Conj/Erth      100%       3d13      1%          3
c - Inner Flame           Hex/Fire       30%        N/A       6%          3

Your spell library contained the following spells:

 Spells                   Type           Power      Damage    Failure   Level
 Foxfire                  Conj/Fire      100%       2x1d9     1%          1
 Passwall                 Tmut/Erth      32%        N/A       1%          2
 Apportation              Tloc           22%        N/A       8%          1
 Necrotise                Necr           44%        1d6       8%          1
 Summon Small Mammal      Summ           44%        N/A       8%          1
 Wereblood                Tmut           15%        N/A       9%          2
 Ensorcelled Hibernation  Hex/Ice        22%        N/A       11%         2
 Petrify                  Tmut/Erth      39%        N/A       11%         4
 Swiftness                Air            11%        N/A       22%         3
 Cause Fear               Hex            5%         N/A       58%         4
 Corpse Rot               Necr/Pois/Air  11%        N/A       58%         4
 Dispel Undead            Necr           11%        3d9       58%         4
 Death Channel            Necr           5%         N/A       100%        6
 Summon Hydra             Summ           5%         N/A       100%        7
 Discord                  Hex            5%         N/A       100%        8
 Sublimation of Blood     Necr           Unusable   N/A       N/A         2

Dungeon Overview and Level Annotations

Branches:
Dungeon (9/15)             Temple (1/1) D:7         Ossuary (visited)
 Bailey (visited)
   Lair: D:8-11         Orc: D:9-12

Altars:
Cheibriados
Dithmenos
Elyvilon
Fedhas
Gozag
Hepliaklqana
Kikubaaqudgha
Makhleb
Nemelex Xobeh
Okawaru
Qazlal
Ru
Sif Muna
Trog
Uskayaw
Vehumet
Wu Jian
Xom
Yredelemnul
Zin
The Shining One

Shops:
D:5 *   D:6 *


Innate Abilities, Weirdness & Mutations

You are immune to sickness and miasma.
Your stone body is resilient. (AC +8)
You are immune to poison.
You resist negative energy. (rN+)
You are resistant to electric shocks. (rElec)
You are resistant to unholy torment.
You are immune to petrification.


Message History

The fire crab bites you but does no damage.
The fire crab claws you!
You are engulfed in flames!
* * * LOW HITPOINT WARNING * * *
Aiming: Quicksilver Bolt
Press: ? - help, Q - select action, (/) - cycle Shift-Dir - straight line, f/p - gnoll sergeant
Aim: a gnoll sergeant, wielding a +2 trident of protection and wearing a +0 scale mail of willpower (81% to hit)
The bolt of dispelling energy hits the fire crab!
You kill the fire crab!
Vehumet accepts your kill.
You feel your power returning.
The bolt of dispelling energy misses the gnoll sergeant.
You hear a croak.
A cane toad comes into view.
You see here a +0 club.
Casting: Sandblast (safe; 1% risk of failure)
Confirm with . or Enter, or press ? or * to list all spells.
Aiming: Stone Arrow (safe; 1% risk of failure)
Press: ? - help, Shift-Dir - straight line, f/p - gnoll sergeant
Aim: a gnoll sergeant, wielding a +2 trident of protection and wearing a +0 scale mail of willpower (84% to hit)
The stone arrow hits the gnoll sergeant!!
You kill the gnoll sergeant!
Vehumet accepts your kill.
You feel your power returning.
Casting: Stone Arrow (safe; 1% risk of failure)
Confirm with . or Enter, or press ? or * to list all spells.
Aiming: Stone Arrow (safe; 1% risk of failure)
Press: ? - help, Shift-Dir - straight line, f - cane toad
Aim: a cane toad (81% to hit)
The stone arrow hits the cane toad!
The cane toad is moderately wounded.
Magic courses through your body.
Casting: Stone Arrow (safe; 1% risk of failure)
Confirm with . or Enter, or press ? or * to list all spells.
Aiming: Stone Arrow (safe; 1% risk of failure)
Press: ? - help, Shift-Dir - straight line, f/p - cane toad
Aim: a cane toad (moderately wounded, 81% to hit)
The stone arrow hits the cane toad!
The cane toad is severely wounded.
The cane toad stings you!
You die...

#.##
##..........#.......#
..# #........).#.......#
.## ##......##.#.......+
## ###
###....##.#.......#
..#..###...#.#.......#
#..#.#)###...#.......#
#..#.#.#(###..........
#.)#.#.#.#.###........
#.'.#).F@..).)))##......
#.#g##.#.#.#.###.......#
F. #. #.#.#[### .......#
## #. #.#)### ........
.. ..### ........ .# ###
........ . .......
.......


You could see a cane toad.

Vanquished Creatures
  2 two-headed ogres (D:9)
  A fire crab (shapeshifter) (D:9)
  Pikel (D:6)
  The ghost of Poofo the Ruffian, an amateur TrFi of Ashenzari (D:5)
  A troll (D:9)
  A slime creature (D:9)
  A yak (D:9)
  A wyvern (D:9)
  3 steam dragons
  A wraith (D:9)
  Menkaure (D:6)
  7 orc warriors (Bailey)
  3 black bears
  2 ogres (D:5)
  4 centaurs
  A lemure (D:6)
  A kobold brigand (D:6)
  4 phantoms
  9 scorpions
  3 bullfrogs
  A gnoll sergeant (D:9)
  A necrophage (D:7)
  2 wights (D:9)
  4 killer bees
  2 centaur zombies (Ossuary)
  A human zombie (Ossuary)
  5 jellies
  4 orc priests
  5 hounds
  4 iguanas
  18 orc wizards
  7 scorpion zombies (Ossuary)
  3 mummies (Ossuary)
  3 gnolls (D:6)
  6 adders
  4 white imps (D:6)
  An ufetubus (D:5)
  2 worms
  2 dart slugs (D:1)
  43 orcs
  6 ball pythons
  7 endoplasms
  6 giant cockroaches
  3 gnoll zombies (Ossuary)
  13 hobgoblins
  2 jackals (D:4)
  9 kobolds
  5 quokkas
  7 bats
  4 frilled lizards
  11 goblins
  2 goblin zombies
  3 hobgoblin zombies (Ossuary)
  3 kobold zombies (Ossuary)
  2 rats
  A rat zombie (D:4)
250 creatures vanquished.

Vanquished Creatures (others)
  A kobold (D:3)
1 creature vanquished.

Grand Total: 251 creatures vanquished

Notes
Turn   | Place    | Note
-------+----------+-------------------------------------------
     0 | D:1      | Condegh the Gargoyle Earth Elementalist began the quest for
                  | the Orb.
     0 | D:1      | Reached XP level 1. HP: 10/10 MP: 3/3
   136 | D:1      | Reached XP level 2. HP: 13/16 MP: 0/5
   562 | D:1      | Reached skill level 1 in Fighting
   623 | D:1      | Reached XP level 3. HP: 20/20 MP: 4/6
   627 | D:1      | Learned a level 3 spell: Stone Arrow
   681 | D:1      | Reached skill level 1 in Armour
   918 | D:1      | Found a faded altar of an unknown god.
  1069 | D:2      | Found an opulent altar of Gozag.
  1323 | D:2      | Reached skill level 1 in Maces & Flails
  1361 | D:2      | Reached XP level 4. HP: 25/25 MP: 5/7
  1781 | D:3      | Found a basalt altar of Yredelemnul.
  1788 | D:3      | Found a burning altar of Makhleb.
  1893 | D:3      | Found a white marble altar of Elyvilon.
  2030 | D:3      | Found an opulent altar of Gozag.
  2065 | D:3      | Reached skill level 1 in Conjurations
  2436 | D:4      | Reached XP level 5. HP: 29/30 MP: 4/8
  2509 | D:4      | Found a sand-covered staircase.
  2527 | Ossuary  | Entered an ossuary
  2567 | Ossuary  | Reached skill level 1 in Shields
  2567 | Ossuary  | Reached XP level 6. HP: 31/35 MP: 0/10
  2846 | Ossuary  | Reached skill level 5 in Earth Magic
  2955 | Ossuary  | Reached XP level 7. HP: 39/40 MP: 6/12
  3649 | Ossuary  | Reached XP level 8. HP: 44/44 MP: 10/14
  3809 | D:4      | Learned a level 3 spell: Inner Flame
  4155 | D:4      | Reached skill level 1 in Fire Magic
  4496 | D:5      | Entered Level 5 of the Dungeon
  4833 | D:5      | Reached skill level 5 in Conjurations
  4890 | D:5      | Reached skill level 5 in Spellcasting
  4956 | D:5      | Found a transporter.
  4956 | D:5      | Identified the +9 great mace of Yesterday {elec, rN+ MP+9}
  4963 | D:5      | Noticed Poofo's ghost (amateur TrFi)
  4963 | D:5      | Found a transporter.
  4965 | D:5      | Reached skill level 5 in Shields
  4974 | D:5      | HP: 1/44 [ogre/the +9 great mace of Yesterday {elec, rN+
                  | MP+9} (23)]
  4989 | D:5      | Killed Poofo's ghost
  4990 | D:5      | Reached XP level 9. HP: 3/48 MP: 0/17
  5575 | D:5      | Reached skill level 5 in Fire Magic
  5575 | D:5      | Reached XP level 10. HP: 58/58 MP: 17/20
  5761 | D:5      | Found Qedomp's Lightly-Used Armoury.
  6559 | D:6      | Noticed Menkaure
  6566 | D:6      | Killed Menkaure
  7120 | D:6      | Found Qiopsigh's General Store.
  7133 | D:6      | Bought a scroll of identify for 24 gold pieces
  7299 | D:6      | Noticed Pikel
  7320 | D:6      | Killed Pikel
  7792 | D:7      | Found a staircase to the Ecumenical Temple.
  7858 | Temple   | Entered the Ecumenical Temple
  7881 | Temple   | Became a worshipper of Vehumet
  7927 | D:7      | Found a flagged portal.
  7936 | Bailey   | Entered a bailey
  8236 | Bailey   | Identified the +2 kite shield of Least Resistance {rPois
                  | rC- SInv}
  8419 | Bailey   | Reached skill level 5 in Fighting
  8658 | D:7      | Reached skill level 5 in Armour
  8949 | D:7      | Reached XP level 11. HP: 62/63 MP: 14/21
  9305 | D:7      | Found a sparkling altar of Nemelex Xobeh.
  9308 | D:7      | Found an iron altar of Okawaru.
  9312 | D:7      | Found an ancient bone altar of Kikubaaqudgha.
  9352 | D:7      | Reached * piety under Vehumet
  9352 | D:7      | Offered knowledge of Foxfire by Vehumet.
 10420 | D:9      | Identified the +2 pair of boots "Pykenyi" {*Corrode Fly
                  | Int+4 Stlth+}
 10616 | D:9      | Noticed a two-headed ogre
 10621 | D:9      | Killed a two-headed ogre
 10791 | D:9      | Noticed a two-headed ogre
 10795 | D:9      | Reached skill level 5 in Maces & Flails
 10795 | D:9      | Killed a two-headed ogre
 10910 | D:9      | Noticed a fire crab
 10918 | D:9      | Killed a fire crab
 10926 | D:9      | Slain by a cane toad (shapeshifter)

Illustrated notes

Levels and vault maps discovered:
D:1:      dpeg_arrival_water_temple_mockup, layout_loops_ring,
          hellmonk_ecumenical_altar_arch_garden
D:2:      layout_basic, basic_altar
D:3:      layout_rooms, elyvilon_altar_4, mainiacjoe_overflow_chevrons,
          mainiacjoe_overflow_catwalk_spiral, chequers_serial_rivers_marsh,
          kennysheep_path_1
D:4:      layout_basic, enter_ossuary_4
D:5:      minmay_evil_eye, layout_loops_ring, gammafunk_ghost_smash,
          minmay_shop_damaged, nicolae_concentric_dashed_squares_wild
D:6:      layout_loops_corners, serial_shops, shop, uniq_menkaure, uniq_pikel
D:7:      layout_basic, grunt_temple_overflow_diamond,
          minmay_temple_entry_statues, enter_bailey_2
D:8:      layout_basic
D:9:      minmay_the_grid_four_pointed_star
          [minmay_the_grid_triangle_9x9_windchime,
          minmay_the_grid_triangle_9x9_wacky_v,
          minmay_the_grid_triangle_9x9_skeleton,
          minmay_the_grid_triangle_9x9_sprig,
          minmay_the_grid_prize_shrinking_boxes], layout_stronghold,
          marbit_many_paths
Temple:   nicolae_temple_ecumenical_triangle

Skill      XL: |  1  2  3  4  5  6  7  8  9 10 11 |
---------------+----------------------------------+-----
Fighting       | 1 2 4 5 |  5.8
Armour         | 1 2 4 5 |  5.0
Dodging        | 2 3 4 |  4.7
Earth Magic    | 4 5 6 7 8 |  8.6
Maces & Flails | 1 2 4 5 |  5.0
Conjurations   | 1 2 3 5 7 8 |  8.3
Shields        | 1 2 3 5 |  5.0
Spellcasting   | 3 4 5 6 7 |  7.4
Fire Magic     | 3 5 6 |  6.3
Evocations     | 3 4 |  4.5
Stealth        | |  2.1
Transmutations | |  0.7

Action                   |  1- 3 |  4- 6 |  7- 9 | 10-12 || total
-------------------------+-------+-------+-------+-------++-------
Melee: Unarmed           |    12 |       |       |       ||    12
       Club              |    27 |     3 |       |       ||    30
       Punch             |     1 |       |       |       ||     1
       Mace              |       |    15 |     8 |       ||    23
       Flail             |       |       |       |    18 ||    18
 Cast: Sandblast         |    48 |    76 |    94 |    97 ||   315
       Stone Arrow       |       |       |    29 |   107 ||   136
Evoke: Wand              |       |       |     3 |     3 ||     6
  Use: Scroll            |       |     4 |     3 |     7 ||    14
       Potion            |       |       |     1 |     1 ||     2
Armor: Robe              |    22 |    23 |    31 |       ||    76
       Leather armour    |       |       |       |    42 ||    42
Dodge: Dodged            |    42 |    34 |    32 |    45 ||   153
Block: Buckler           |       |    12 |    14 |    21 ||    47
